Selects Australian Defense Battlegroup
Selects Australian Light Infantry Section
Australian Light Infantry Section
Australian Light Infantry Section
Construct Section Command Post
Construct Field Infirmary
Construct Platoon Command Post
Selects CMP 15cwt Supply Run
Unlock M3 Stuart Light Tanks
Selects 2-pounder Anti-tank Gun Team
2-pounder Anti-tank Gun Team
Construct Company Command Post
Selects Artillery Trip Wire Flares
Selects Archer Tank Destroyer
Selects Vehicle Over Repair